 Dungeon Crawl Stone Soup version 0.30.0-17-ge0270778cf (webtiles) character file.

Game seed: 11318053506582680204

903 zeram the Covered (level 7, 0/61 HPs)
             Began as a Minotaur Fighter on May 23, 2023.
             Slain by an ogre
             ... wielding a +0 giant club
              (23 damage)
             ... on level 6 of the Dungeon.
             The game lasted 00:08:18 (4315 turns).

zeram the Covered (Minotaur Fighter)                Turns: 4315, Time: 00:08:18

Health: 0/61       AC:  9    Str: 25    XL:     7   Next: 80%
Magic:  6/6        EV: 11    Int:  5    God:
Gold:   320        SH:  0    Dex:  9    Spells: 6/6 levels left

rFire   . . .        r - +8 bardiche "Oceod" {venom, rPois Str+2}
rCold   . . .        (shield currently unavailable)
rNeg    . . .        b - +0 scale mail
rPois   +            (helmet restricted)
rElec   .            (no cloak)
rCorr   .            e - +0 pair of gloves
SInv    +            (no boots)
Will    .....        (no amulet) Stlth
                     s - ring of see invisible
HPRegen 0.30/turn    (no ring)
MPRegen 0.10/turn

%: no passive effects
@: no status effects
A: horns 2, retaliatory headbutt
a: no special abilities


You were on level 6 of the Dungeon.
You visited 1 branch of the dungeon, and saw 6 of its levels.

You collected 320 gold pieces.

Inventory:

Hand Weapons
 a - a +0 war axe
 g - a +0 short sword of speed
 r - the +8 bardiche "Oceod" (weapon) {venom, rPois Str+2}
   (You acquired it on level 5 of the Dungeon)

   Str:       It affects your strength (+2).
   rPois:     It protects you from poison.
 u - a +2 dagger of venom
Armour
 b - a +0 scale mail (worn)
 c - a +0 buckler
 e - a +0 pair of gloves (worn)
Jewellery
 s - a ring of see invisible (left hand)
Wands
 d - a wand of polymorph (13)
 f - a wand of light (11)
 n - a wand of flame (21)
Scrolls
 j - 5 scrolls of blinking
 q - 3 scrolls of teleportation
 w - 2 scrolls of identify
Potions
 h - 2 potions of attraction
 i - 2 potions of mutation
 k - 5 potions of curing
 l - 4 potions of flight
 m - 2 potions of lignification
 o - a potion of haste {unknown}
 p - a potion of berserk rage {unknown}
 t - 2 potions of heal wounds
 v - a potion of magic {unknown}


   Skills:
 + Level 5.2 Fighting
 + Level 5.0 Short Blades
 + Level 3.0(3.1) Axes
 + Level 0.9(2.1) Polearms
 + Level 6.9 Armour
 + Level 3.0 Dodging
 + Level 5.0 Shields


You had 6 spell levels left.
You didn't know any spells.
Your spell library contained the following spells:

 Spells                   Type           Power      Damage    Failure   Level
 Sublimation of Blood     Necr           0%         N/A       86%         2
 Dazzling Flash           Conj/Hex       0%         N/A       98%         3
 Volatile Blastmotes      Fire/Tloc      0%         2d10      98%         3
 Iskenderun's Mystic Bla  Conj/Tloc      0%         2d3       100%        4
 Petrify                  Tmut/Erth      0%         N/A       100%        4
 Irradiate                Conj/Tmut      0%         3d11      100%        5
 Iskenderun's Battlesphe  Conj           0%         2d6       100%        5
 Iron Shot                Conj/Erth      0%         9d1       100%        6
 Starburst                Conj/Fire      0%         6d3       100%        6
 Spellforged Servitor     Conj/Summ      0%         N/A       100%        7


Dungeon Overview and Level Annotations

Branches:
Dungeon (6/15)
 Temple: D:4-7

Altars:
Ashenzari
Dithmenos
Xom


Innate Abilities, Weirdness & Mutations

You have a pair of horns on your head.
You reflexively headbutt those who attack you in melee.


Message History

You barely miss the hound. Your headbutt misses the hound.
The hound barely misses you. x2; The hound bites you but does no damage.
You closely miss the hound. The hound bites you.
An ogre comes into view. It is wielding a +0 giant club.
The hound closely misses you.
The ogre shouts!
You hit the hound.
The hound is poisoned.
The hound is lightly wounded.
The hound bites you. The hound bites you but does no damage.
The hound barely misses you.
You miss the hound.
The hound is lightly wounded.
The hound bites you but does no damage. x2; The hound closely misses you.
You barely miss the hound.
The hound is lightly wounded.
The hound bites you but does no damage. The hound bites you.
You closely miss the hound. Your headbutt misses the hound.
The hound is lightly wounded.
The hound looks more healthy.
The hound bites you but does no damage. x3
The ogre misses you.
You slash the hound!
The hound is poisoned.
Your headbutt misses the hound.
The hound is severely wounded.
The hound barely misses you. x2; The ogre barely misses you.
The hound pauses to sniff the ground.
The hound barely misses you.
You slice the hound!!
You kill the hound!
The ogre hits you with a +0 giant club!
Your Dodging skill increases to level 3!
You are too injured to fight recklessly!
You are too injured to fight recklessly!
You are too injured to fight recklessly!
You barely miss the ogre. The ogre hits you with a +0 giant club!
You slash the ogre!
The ogre is poisoned.
The ogre is heavily wounded.
The ogre barely misses you. x2; You furiously retaliate!
You headbutt the ogre. You barely miss the ogre.
The ogre is heavily wounded.
The ogre hits you with a +0 giant club!!
You die...

..... ...8 ....
...##.# ..##.#
###.##.#
#..O##.########
####..@...#......#
#.........#...##.#
#.###.....#...##.#
#.###.....#...##.#
# ...#####.....##.#
#. #.#####....###.#
#..#.........<....#
............#######
................


You could see an ogre (very poisoned).

Vanquished Creatures
  Eustachio (D:4)
  A black bear (D:5)
  An ogre (D:4)
  2 scorpions (D:5)
  A howler monkey (D:6)
  5 hounds
  Terence (D:3)
  An iguana (D:6)
  An orc wizard (D:4)
  Robin (D:2)
  4 gnolls
  5 adders
  An ufetubus (D:5)
  A worm (D:5)
  2 dart slugs (D:1)
  19 orcs
  3 endoplasms
  2 giant cockroaches (D:2)
  21 goblins
  9 hobgoblins
  2 jackals (D:2)
  7 kobolds
  6 quokkas
  6 ball pythons
  8 bats
  4 frilled lizards
  4 rats
119 creatures vanquished.

Notes
Turn   | Place    | Note
-------+----------+-------------------------------------------
     0 | D:1      | zeram the Minotaur Fighter began the quest for the Orb.
     0 | D:1      | Reached XP level 1. HP: 19/19 MP: 0/0
   108 | D:1      | Reached XP level 2. HP: 24/27 MP: 1/1
   192 | D:1      | Reached skill level 4 in Armour
   544 | D:1      | Found a faded altar of an unknown god.
   772 | D:1      | Reached XP level 3. HP: 18/33 MP: 2/2
  1337 | D:2      | Reached skill level 1 in Short Blades
  1337 | D:2      | Reached XP level 4. HP: 41/41 MP: 3/3
  1493 | D:2      | Noticed Robin
  1521 | D:2      | Killed Robin
  2011 | D:3      | Noticed Terence
  2039 | D:3      | Killed Terence
  2040 | D:3      | Reached skill level 1 in Dodging
  2040 | D:3      | Reached XP level 5. HP: 27/47 MP: 4/4
  2131 | D:3      | Found a shimmering altar of Xom.
  2734 | D:4      | Reached skill level 5 in Armour
  3007 | D:4      | Noticed Eustachio
  3018 | D:4      | Killed Eustachio
  3019 | D:4      | Reached XP level 6. HP: 50/53 MP: 5/5
  3418 | D:4      | Reached skill level 6 in Armour
  3663 | D:5      | Entered Level 5 of the Dungeon
  3706 | D:5      | Reached XP level 7. HP: 60/60 MP: 6/6
  3836 | D:5      | Reached skill level 5 in Fighting
  3921 | D:5      | Reached skill level 5 in Shields
  4130 | D:5      | Found a broken altar of Ashenzari.
  4130 | D:5      | Found a shadowy altar of Dithmenos.
  4197 | D:5      | Identified a scroll of acquirement
  4197 | D:5      | Acquired the +8 bardiche "Oceod" {venom, rPois Str+2}
  4304 | D:6      | Reached skill level 5 in Short Blades
  4315 | D:6      | Slain by an ogre

Illustrated notes

Levels and vault maps discovered:
D:1:      moated_graveyard_arrival, layout_basic,
          shapermc_ecumenical_altar_acropolis, minmay_bisected
D:2:      layout_basic, minmay_misc_feat_x, dk_vineyard_1, uniq_robin
D:3:      layout_basic, mainiacjoe_overflow_alcove_1, nrook_uturn,
          nicolae_figureground_sparkle, uniq_terence
D:4:      layout_loops_cross, serial_glass, glass_columns_b, glass_columns_b,
          minivault_4, grunt_ministairs_8, minmay_misc_feat_hallway,
          dreamdust_princess_corridor, due_unseen_surprise, uniq_eustachio
D:5:      layout_cave_pools, gammafunk_temple_overflow_pools
D:6:      layout_basic, minmay_temple_entry_statues_fountains,
          serial_bayou_lake_a

Skill      XL: |  1  2  3  4  5  6  7 |
---------------+----------------------+-----
Armour         | 4 5 6 |  6.9
Fighting       | 4 5 |  5.2
Shields        | 4 5 |  5.0
Axes           | 3 |  3.0
Short Blades   | 1 2 3 4 5 |  5.0
Dodging        | 1 2 3 |  3.0
Polearms       | |  0.9

Action                     |  1- 3 |  4- 6 |  7- 9 || total
---------------------------+-------+-------+-------++-------
  Melee: War axe           |    26 |       |       ||    26
         Headbutt          |    16 |    31 |    12 ||    59
         Short sword       |   103 |   159 |       ||   262
         Dagger            |       |    57 |    49 ||   106
         Bardiche          |       |       |    19 ||    19
    Use: Scroll            |     5 |     3 |     5 ||    13
         Potion            |       |     1 |       ||     1
 Armour: Scale mail        |    49 |    69 |    33 ||   151
  Dodge: Dodged            |    41 |    69 |    34 ||   144
  Block: Buckler           |    18 |    31 |     7 ||    56
